cohdb
Replays
Latest Replays
All Replays
Popular Replays
Top Player Replays
Match Explorer
How It Works
Community
CoH3 Stats
Reddit
Sign in to upload your games and track your stats! →
Sign in with Steam
Match 42457153
Unlisted
Match 42457153
Overview
Messages
Build Orders
End
Construct Infanterie Kompanie
Pioneer Squad
MG 42 Machine Gun Team
Selects Terror Battlegroup
Selects Machine Gun Camouflage
Grenadier Squad
Grenadier Squad
Infanterie Officer Quarters
Construct Luftwaffe Kompanie
Grenadier Squad
Jäger Squad
221 Scout Car
Construct Panzer Kompanie
Flak 30 Anti-aircraft Gun Team
Panzer IV Medium Tank
Stoßtruppen Squad
Medical Station
Selects Defend the Fatherland
Panzer IV Medium Tank
Selects King Tiger Heavy Tank
King Tiger Heavy Tank
Selects Contempt for the Weak
Selects Propaganda Leaflet Drop
Repair Bunker
Medical Bunker
MG 42 Bunker
Propaganda Leaflet Drop
PayPerPaper
The MidgetCrusader69
ManFrau
伊蕾娜
Fatal
shabby plc
wapple925602
Grommash
0
0
Comments
sign in to comment!
No comments posted yet!